 Dungeon Crawl Stone Soup version 0.22-a0-196-gee22f27 (webtiles) character file.

504148 kuniqs the Slayer (level 23, -16/229 HPs)
             Began as a Minotaur Fighter on Feb 17, 2018.
             Was the Champion of Makhleb.
             Killed from afar by an orb of fire (30 damage)
             ... with a bolt of fire
             ... on level 5 of the Realm of Zot.
             The game lasted 01:20:57 (35139 turns).

kuniqs the Slayer (Minotaur Fighter)               Turns: 35139, Time: 01:20:58

Health: -16/229    AC: 58    Str: 30      XL:     23   Next: 81%
Magic:  3/26       EV: 27    Int:  6 (7)  God:    Makhleb [******]
Gold:   2028       SH: 19    Dex: 21      Spells: 22/22 levels left

rFire    + . .     SeeInvis .   n - +9 broad axe (elec)
rCold    + + .     Gourm    .   Y - +2 shield {AC+3}
rNeg     + . .     Faith    .   O - +14 crystal plate armour
rPois    +         Spirit   .   V - -2 hat of the Alchemist {rElec rPois rF+ rC+ rN+ MR+ rMut rCorr}
rElec    +         Reflect  .   o - +1 cloak of the Hidden Wishes {+Inv rC+ Int+4}
rCorr    +         Harm     .   L - +2 pair of gloves of Minor Irritation {Dex+3}
rMut     +                      R - +2 pair of boots {Stlth+}
MR       ++...                  J - amulet "Doenujeo" {+Rage Str+5 Dex+2}
Stlth    ..........             E - +6 ring of evasion
HPRegen  0.48/turn              a - +6 ring of protection
MPRegen  0.20/turn

@: no status effects
A: retaliatory headbutt, horns 2, dopey 1, MP-powered wands
}: 3/15 runes: serpentine, barnacled, slimy
a: Minor Destruction, Lesser Servant of Makhleb, Major Destruction, Greater
Servant of Makhleb, Renounce Religion, Evoke Berserk Rage, Evoke Invisibility


You were on level 5 of the Realm of Zot.
You worshipped Makhleb.
Makhleb was exalted by your worship.
You were very full.

You visited 10 branches of the dungeon, and saw 50 of its levels.
You visited the Abyss 1 time.
You visited 1 bazaar.
You visited 1 ziggurat, and saw 6 of its levels.
You also visited: Ossuary and Wizlab.

You collected 7024 gold pieces.
You spent 4996 gold pieces at shops.

Inventory:

Hand Weapons
 n - a +9 broad axe of electrocution (weapon)
 D - the +10 war axe of Migruf {venom, rF+ MR+++ Dex-3 SInv}
   (You took it off a deep elf archer on level 3 of the Elven Halls)

   It poisons the flesh of those it strikes.
   It affects your dexterity (-3).
   It protects you from fire.
   It affects your resistance to hostile enchantments.
   It lets you see invisible.
Missiles
 K - 9 throwing nets (quivered)
Armour
 o - the +1 cloak of the Hidden Wishes (worn) {+Inv rC+ Int+4}
   (You found it in a wizard's laboratory)

   It affects your intelligence (+4).
   It protects you from cold.
   It lets you turn invisible.
 L - the +2 pair of gloves of Minor Irritation (worn) {Dex+3}
   (You acquired it on level 2 of the Orcish Mines)

   It affects your dexterity (+3).
 O - a +14 crystal plate armour (worn)
 R - a +2 pair of boots of stealth (worn)
 V - the -2 hat of the Alchemist (worn) {rElec rPois rF+ rC+ rN+ MR+ rMut rCorr}
   (You found it on level 4 of the Shoals)

   It protects you from fire.
   It protects you from cold.
   It insulates you from electricity.
   It protects you from poison.
   It protects you from negative energy.
   It affects your resistance to hostile enchantments.
   It protects you from acid and corrosion.
   It protects you from mutation.
 Y - a +2 shield of protection (worn)
Jewellery
 a - a +6 ring of protection (right hand)
 E - a +6 ring of evasion (left hand)
 J - the amulet "Doenujeo" (around neck) {+Rage Str+5 Dex+2}
   (You found it on level 5 of the Pits of Slime)

   [amulet of rage]

   It affects your strength (+5).
   It affects your dexterity (+2).
   It lets you go berserk.
 W - the ring of the Mage {Wiz MR++ Int+3}
   (You took it off a deep elf knight on level 3 of the Elven Halls)

   [ring of wizardry]

   It improves your spell success rate.
   It affects your intelligence (+3).
   It affects your resistance to hostile enchantments.
Wands
 h - a wand of random effects (147)
 r - a wand of disintegration (36)
 H - a wand of flame (97)
 I - a wand of acid (24)
 N - a wand of paralysis (16)
 P - a wand of polymorph (84)
 T - a wand of digging (38)
 U - a wand of iceblast (36)
 X - a wand of enslavement (20)
Scrolls
 b - 3 scrolls of amnesia
 g - a scroll of holy word
 i - a scroll of identify {@r1}
 j - 20 scrolls of teleportation
 m - 22 scrolls of remove curse {@r2}
 v - 4 scrolls of immolation
 y - 7 scrolls of fear
 B - 12 scrolls of fog
 C - a scroll of summoning
 F - 4 scrolls of blinking
 G - 2 scrolls of magic mapping
 S - 2 scrolls of silence
Potions
 c - a potion of resistance
 d - 4 potions of might
 e - 11 potions of flight
 k - 14 potions of heal wounds
 l - 6 potions of haste
 p - 5 potions of berserk rage
 q - 7 potions of ambrosia
 s - 6 potions of cancellation
 t - a potion of invisibility
 x - 7 potions of mutation
 z - 7 potions of curing {@q1}
 A - 13 potions of lignification
 Q - 3 potions of agility
Comestibles
 f - 73 rations


   Skills:
 + Level 23.8 Fighting
 + Level 23.7 Axes
 - Level 20.0 Armour
 - Level 20.0 Dodging
 - Level 19.7 Shields
 - Level 6.0 Invocations


You had 22 spell levels left.
You didn't know any spells.

Dungeon Overview and Level Annotations

Branches:
Dungeon (15/15)            Temple (1/1) D:4            Lair (6/6) D:10
 Shoals (4/4) Lair:3        Snake (4/4) Lair:2        Slime (5/5) Lair:5
    Orc (2/2) D:12            Elf (3/3) Orc:2        Vaults (0/5) D:13
 Depths (5/5) D:15            Zot (5/5) Depths:5

Altars:
Ashenzari
Cheibriados
Dithmenos
Elyvilon
Fedhas
Gozag
Hepliaklqana
Kikubaaqudgha
Makhleb
Nemelex Xobeh
Okawaru
Qazlal
Ru
Sif Muna
Trog
Uskayaw
Vehumet
Wu Jian
Xom
Yredelemnul
Zin
The Shining One
Beogh
Jiyva

Shops:
D:11 !*   Orc:2 =?=*   Elf:1 *   Shoals:1 }   Snake:1 %   Snake:4 =}}*

Portals:
Hell: Depths:1 Depths:2 Depths:3 Depths:4 Depths:5
Abyss: Depths:3 Depths:4
Pandemonium: Depths:1 Depths:3

Annotations:
Elf:2 5 runed doors
Depths:3 exclusion: orange crystal statue
Zot:5 exclusion: orange crystal statue


Innate Abilities, Weirdness & Mutations

You reflexively headbutt those who attack you in melee.
You have a pair of horns on your head.
You are dopey. (Int -2)
You expend magic power (3 MP) to strengthen your wands.


Message History

The yellow draconian annihilator convulses!
The orange crystal statue glitters topaz in the dim dungeon light.
The orb of fire glows deep purple.
The fireball explodes!
The fireball engulfs you! You resist.
* * * LOW HITPOINT WARNING * * *
The fireball engulfs the orb of fire.
The orb of fire completely resists.
The fireball engulfs the orb of fire.
The orb of fire completely resists.
The fireball engulfs the orb of fire.
The orb of fire completely resists.
The black draconian barely misses you.
You hear some strange, mumbled words.
The orb of fire emits a lurid red light.
The bolt of fire hits you! You resist.
* * * LOW HITPOINT WARNING * * *
You hear a roar!
You hit the orb of fire but do no damage.
You closely miss the orb of fire. You slash the orb of fire!
The curse toe moves out of view.
The orb of fire glows yellow.
The bolt of fire hits you! You resist.
You die...

*,,,,,...............# ##..
*,,,.................# #..
*,,,..........^......# ##..
*,,,.................# #...
*,,,.......q.........# ##...
*,,,.................###....
**,,.....fD.df^.....###...##
**,....z***)f.....##....##
**...zp{*@)f.........###
*▓8..d8##▓▓▓▓▓▓▓▓▓▓▓#
**....§,,,,,,,,,,****
**,....,§,,,,,,,,,,,,***
**,,...,,,,,,,,,,,,,,,,,**
*,,,..,,,,,,,,,,,,,,,,,,,* *
*,,,.,,,,,,,,,,,,,,,,,,,,***
**,,,,,,,,,,,,,,,,,,,,,,,**,
**,,,,,,,,,,,,,,,,,,,,,,*,,


You could see 4 orbs of fire, a Killer Klown, a golden dragon, a black
draconian, a white draconian, a curse toe, a death cob, a yellow draconian
annihilator, an orange crystal statue, 2 deathcaps and 2 wandering mushrooms.

Vanquished Creatures
  the Royal Jelly (Slime:5)
  The ghost of vishdafish the Warrior, a legendary DsFi of Yredelemnul (Zot:5)
  A juggernaut (Depths:2)
  The ghost of CypherZel the Phalangite, a veteran MfBe of Trog (Depths:4)
  A curse toe (Zot:4)
  Nikola (Snake:4)
  4 golden dragons
  A bone dragon (Depths:5)
  A profane servitor (Zig:5)
  An iron giant (Zig:4)
  A Tzitzimitl (Depths:3)
  A hellephant (Depths:4)
  2 deep elf master archers (Elf:3)
  A Hell Sentinel (Zig:6)
  2 deep elf blademasters (Elf:3)
  A quicksilver dragon (Zot:4)
  11 acid blobs
  7 Orb Guardians (Zot:5)
  A kraken (Shoals:3)
  An eldritch tentacle (WizLab)
  4 death cobs
  A tentacled starspawn (WizLab)
  2 sphinxes
  3 storm dragons
  9 nagarajas
  4 shadow dragons
  3 draconian monks
  6 azure jellies
  Ilsuiw (Shoals:4)
  Donald (Elf:3)
  8 frost giants
  4 deep elf sorcerers (Elf:3)
  5 fire giants
  2 ghost moths
  2 draconian knights
  2 draconian scorchers
  A black sun (Zig:5)
  A balrug (Depths:1)
  5 deep elf elementalists (Elf:3)
  2 draconian shifters (Zot:4)
  A draconian annihilator (Zot:4)
  6 draconian stormcallers
  3 spriggan defenders
  2 war gargoyles
  12 stone giants
  5 very ugly things
  7 deep elf demonologists (Elf:3)
  3 green draconians
  A black draconian (Zot:5)
  7 deep elf annihilators (Elf:3)
  5 vampire knights
  A yellow draconian (Zot:4)
  7 white draconians
  12 spark wasps
  10 dire elephants (Depths:4)
  3 purple draconians
  4 eidola
  5 red draconians
  6 deep elf death magi
  A blizzard demon (Zig:2)
  A jiangshi (Zig:3)
  Josephine (Orc:1)
  8 fire dragons
  7 merfolk javelineers
  5 death oozes (Slime:5)
  10 ettins
  8 merfolk impalers
  3 deep elf high priests
  3 yaktaur captains
  13 ice dragons
  4 ogre magi
  8 great orbs of eyes
  3 rakshasas
  18 naga warriors
  5 hydras
  2 spriggan air magi
  12 anacondas
  7 merfolk avatars
  3 catoblepae
  An alligator snapping turtle (Shoals:2)
  A centaur warrior (Depths:2)
  8 merfolk aquamancers
  23 two-headed ogres
  14 dancing weapons
  5 deep troll shamans
  A two-headed ogre (shapeshifter) (Elf:2)
  6 deep troll earth magi
  2 tengu warriors (Depths:4)
  5 satyrs
  An orc high priest (Orc:2)
  17 naga sharpshooters
  6 shock serpents
  A vampire mage (Depths:2)
  A thrashing horror (WizLab)
  6 small abominations
  13 deep elf knights
  The ghost of wazuzu the Spear-Bearer, a novice DsGl of Yredelemnul (D:10)
  2 soul eaters (Depths:5)
  A storm dragon zombie (Zig:6)
  3 spriggan berserkers
  3 sun demons (Depths:5)
  5 iron trolls
  9 skeletal warriors
  A titan skeleton (Depths:1)
  A fire crab (shapeshifter) (Elf:1)
  The ghost of anet the Vexing, a novice DEWz of Ashenzari (D:9)
  A hell knight (Depths:1)
  2 salamander mystics (Snake:4)
  A spatial maelstrom (Abyss:3)
  2 spectral anacondas (Depths:3)
  A death drake (shapeshifter) (Elf:1)
  5 unseen horrors
  2 infernal demonspawn (Depths:1)
  11 deep trolls
  3 shadow wraiths
  9 glowing orange brains
  7 flayed ghosts
  10 sea snakes
  A shadow demon (Depths:5)
  Pikel (D:6)
  An orange crystal statue (Depths:3)
  8 deep elf archers
  A kraken simulacrum (Shoals:4)
  2 tengu zombies
  3 wizards
  A death drake (Depths:3)
  2 obsidian statues
  6 naga ritualists
  3 necromancers
  2 phantasmal warriors (Depths:4)
  2 wolf spider zombies (D:14)
  2 orc knights
  An oklob plant (Shoals:2)
  8 mana vipers
  22 harpies
  A frost giant zombie (D:15)
  18 fauns
  22 ugly things
  4 orc sorcerers (Orc:2)
  8 cyclopes
  57 deep elf magi
  17 manticores
  3 shining eyes
  8 salamanders
  2 stone giant zombies
  19 elephants
  A fire giant zombie (Zig:6)
  4 moths of wrath
  A worldbinder (WizLab)
  9 merfolk sirens
  A fire giant skeleton (Depths:2)
  29 naga magi
  2 orange demons
  2 stone giant skeletons (Depths:2)
  4 guardian serpents
  3 rust devils
  26 black mambas
  9 water nymphs
  An eye of devastation (Slime:3)
  A smoke demon (Depths:1)
  14 spiny frogs
  A centaur skeleton (D:13)
  A torpor snail (Lair:6)
  An ice devil (Depths:5)
  5 rime drakes
  An ancient zyme (Abyss:3)
  4 kobold demonologists
  14 yaktaurs
  A tormentor (Zig:6)
  4 komodo dragons
  A spriggan zombie (D:15)
  A tengu conjurer (D:14)
  2 anaconda simulacra (Depths:3)
  3 spectral merfolk (Depths:3)
  A freezing wraith (Zig:2)
  2 spriggan skeletons
  44 merfolk
  A hellwing (Abyss:3)
  2 red devils (Depths:5)
  11 blink frogs
  7 wind drakes
  6 trolls
  A polar bear (Lair:3)
  Prince Ribbit (D:7)
  5 raiju
  The ghost of tilp the Chiller, an amateur MfIE (D:4)
  9 dream sheep
  9 hippogriffs
  Grinder (D:3)
  49 slime creatures
  A blink frog (shapeshifter) (Depths:2)
  An ettin zombie (Zig:6)
  12 snapping turtles
  2 large abominations (Depths:4)
  A deep troll skeleton (Depths:1)
  2 centaur simulacra
  A flying skull (Abyss:3)
  13 wraiths
  Sigmund (D:6)
  6 shadows
  An air elemental (Elf:3)
  2 vampires
  A human (D:7)
  4 wyverns
  29 water elementals
  38 yaks
  2 fire elementals
  2 hungry ghosts
  2 neqoxecs (Depths:1)
  A steam dragon (D:9)
  3 hogs (D:7)
  2 basilisks
  2 spatial vortices
  Menkaure (Ossuary)
  A human zombie (Depths:1)
  6 wargs
  An insubstantial wisp (WizLab)
  Edmund (D:4)
  57 nagas
  A hydra simulacrum (Depths:3)
  2 acid dragons
  16 water moccasins
  8 porcupines
  Duvessa (D:6)
  5 hell hounds
  5 spectral trolls (Depths:3)
  A floating eye (Depths:3)
  A spectral spriggan (Depths:3)
  A snapping turtle zombie (Depths:3)
  A black bear (D:10)
  21 orc warriors
  3 sky beasts
  3 eyes of draining
  5 ice beasts
  4 phantoms
  4 boggarts (Depths:1)
  4 necrophages (Lair:2)
  A tengu (D:11)
  50 wolves
  14 ogres
  14 crocodiles
  13 centaurs
  7 big kobolds
  26 bullfrogs
  An earth elemental (Elf:2)
  2 gnoll sergeants
  A merfolk simulacrum (Depths:3)
  Dowan (D:6)
  2 wyvern skeletons
  A yaktaur skeleton (WizLab)
  6 scorpions
  2 spectral ogres (Depths:3)
  9 killer bees
  2 spectral nagas (Depths:3)
  11 howler monkeys
  5 wights (Depths:3)
  3 spectral centaurs (Depths:3)
  A tengu skeleton (Depths:1)
  13 crimson imps
  3 bullfrog zombies
  5 jellies
  6 quasits
  6 hounds
  29 orc priests
  5 bullfrog skeletons
  2 gnoll shamans
  2 iron imps
  31 orc wizards
  3 iguanas
  12 worker ants
  A killer bee zombie (D:10)
  2 mummies (Ossuary)
  A hound skeleton (D:4)
  10 adders
  17 gnolls
  A river rat (Lair:5)
  7 shadow imps
  4 white imps
  An ufetubus (Depths:1)
  An adder zombie (D:9)
  An adder skeleton (D:4)
  A worm (D:2)
  3 dart slugs
  6 leopard geckos
  93 orcs
  8 ball pythons
  3 bats
  4 giant cockroaches
  3 gnoll zombies (Ossuary)
  7 goblins
  2 hobgoblins (D:1)
  15 jackals
  43 kobolds
  6 quokkas
  4 frilled lizards
  A gnoll skeleton (Ossuary)
  3 goblin skeletons (Ossuary)
  4 goblin zombies
  4 hobgoblin skeletons (Ossuary)
  2 hobgoblin zombies (Ossuary)
  3 kobold skeletons (Ossuary)
  2 kobold zombies (Ossuary)
  A leopard gecko zombie (D:6)
  3 orc skeletons (Ossuary)
  An orc zombie (Ossuary)
  A quokka zombie (D:4)
  4 rats
  3 rat skeletons (Ossuary)
  A rat zombie (Ossuary)
  3 crawling corpses (Elf:3)
  7 fungi
  29 plants
  A starspawn tentacle (WizLab)
  4 tentacles (Shoals:3)
1934 creatures vanquished.

Vanquished Creatures (collateral kills)
  The ghost of kegs the Severer, a journeyman HOFi of Okawaru (Lair:6)
  A catoblepas (Lair:6)
  A lindwurm (Lair:6)
  2 manticores (Lair:6)
  A black mamba (Lair:6)
  A rime drake (Lair:6)
7 creatures vanquished.

Vanquished Creatures (others)
  An Orb Guardian (Zot:5)
  A deep elf annihilator (Elf:3)
  A salamander mystic (Snake:4)
  A naga ritualist (Snake:4)
  A deep elf mage (Elf:3)
  A mana viper (Snake:4)
  A black mamba (Snake:4)
  An ice devil (Zig:4)
  A water elemental (Shoals:1)
  Eustachio (D:6)
  A warg (Depths:3)
  2 nagas
  A mummy (Ossuary)
  2 gnoll zombies (Ossuary)
  3 goblin zombies (Ossuary)
  A hobgoblin skeleton (Ossuary)
  2 hobgoblin zombies (Ossuary)
  3 kobold skeletons (Ossuary)
  4 kobold zombies (Ossuary)
  2 orc skeletons (Ossuary)
  2 rat skeletons (Ossuary)
  2 rat zombies (Ossuary)
  3 bushes (Shoals:2)
  A crawling corpse (Elf:3)
  60 fungi
  56 plants
  3 starspawn tentacles (WizLab)
  9 tentacles
  3 withered plants (D:15)
170 creatures vanquished.

Grand Total: 2111 creatures vanquished

Notes
Turn   | Place    | Note
-------+----------+-------------------------------------------
     0 | D:1      | kuniqs the Minotaur Fighter began the quest for the Orb.
     0 | D:1      | Reached XP level 1. HP: 19/19 MP: 0/0
   149 | D:1      | Reached XP level 2. HP: 27/27 MP: 1/1
   766 | D:2      | Reached skill level 1 in Dodging
   885 | D:2      | Found a faded altar of an unknown god.
  1113 | D:2      | Reached XP level 3. HP: 27/33 MP: 2/2
  1273 | D:2      | Found a glowing silver altar of Zin.
  1274 | D:2      | Found a blossoming altar of Fedhas.
  1353 | D:2      | Reached XP level 4. HP: 12/40 MP: 1/3
  1599 | D:3      | Noticed Grinder
  1607 | D:3      | Killed Grinder
  1607 | D:3      | Reached XP level 5. HP: 39/47 MP: 4/4
  1607 | D:3      | Reached XP level 6. HP: 46/55 MP: 5/5
  2003 | D:3      | Reached skill level 5 in Fighting
  2003 | D:3      | Reached skill level 5 in Armour
  2003 | D:3      | Reached skill level 5 in Shields
  2171 | D:4      | Found a staircase to the Ecumenical Temple.
  2178 | Temple   | Entered the Ecumenical Temple
  2229 | Temple   | Became a worshipper of Makhleb the Destroyer
  2468 | D:4      | Reached skill level 1 in Invocations
  2468 | D:4      | Reached XP level 7. HP: 61/61 MP: 6/6
  2472 | D:4      | Reached * piety under Makhleb
  2482 | D:4      | Found a snail-covered altar of Cheibriados.
  2535 | D:4      | Found a sand-covered staircase.
  2535 | D:4      | Noticed Edmund
  2542 | Ossuary  | Entered an ossuary
  2682 | Ossuary  | Reached ** piety under Makhleb
  2752 | Ossuary  | Noticed Menkaure
  2755 | Ossuary  | Killed Menkaure
  2858 | D:4      | Killed Edmund
  2858 | D:4      | Reached skill level 5 in Axes
  3067 | D:4      | Found a shattered altar of Ashenzari.
  3123 | D:4      | Noticed tilp's ghost (amateur MfIE)
  3145 | D:4      | Killed tilp's ghost
  3214 | D:4      | Reached XP level 8. HP: 63/70 MP: 6/8
  3295 | D:4      | You fall through a shaft for 3 floors!
  3514 | D:6      | Noticed Sigmund
  3520 | D:6      | Killed Sigmund
  3619 | D:5      | Entered Level 5 of the Dungeon
  3746 | D:5      | Reached skill level 5 in Dodging
  3887 | D:5      | Got a polished ring mail
  3917 | D:5      | Reached *** piety under Makhleb
  4554 | D:5      | Identified the +5 ring mail "Daupeffamio" {*Drain Str+10} (You found it on level 5 of the Dungeon)
  4606 | D:6      | Reached XP level 9. HP: 78/78 MP: 10/10
  4645 | D:6      | Noticed Pikel
  4654 | D:6      | Killed Pikel
  4889 | D:6      | Noticed Duvessa
  4904 | D:6      | Noticed Dowan
  4910 | D:6      | Killed Duvessa
  4912 | D:6      | Killed Dowan
  4999 | D:6      | Noticed Eustachio
  5005 | D:6      | Killed Eustachio
  5257 | D:7      | Found a shattered altar of Ashenzari.
  5413 | D:7      | Noticed Prince Ribbit
  5419 | D:7      | Killed Prince Ribbit
  5427 | D:7      | Found a basalt altar of Yredelemnul.
  5504 | D:7      | Found a white marble altar of Elyvilon.
  5584 | D:7      | Reached skill level 5 in Invocations
  5585 | D:7      | Reached XP level 10. HP: 88/88 MP: 9/12
  5625 | D:7      | Reached **** piety under Makhleb
  5933 | D:8      | Noticed a two-headed ogre
  5941 | D:8      | Killed a two-headed ogre
  6863 | D:9      | Noticed anet's ghost (novice DEWz)
  6883 | D:9      | Killed anet's ghost
  6921 | D:9      | Reached ***** piety under Makhleb
  7145 | D:9      | Reached XP level 11. HP: 59/97 MP: 9/14
  7460 | D:10     | Entered Level 10 of the Dungeon
  7462 | D:10     | Noticed wazuzu's ghost (novice DsGl)
  7489 | D:10     | Killed wazuzu's ghost
  7542 | D:10     | Noticed a two-headed ogre
  7550 | D:10     | Killed a two-headed ogre
  7564 | D:10     | Found a staircase to the Lair.
  7831 | D:10     | Got a smoking scale mail
  7837 | D:10     | Identified the +5 scale mail "Earthly Heaven" {rPois rF+ rC- Dex+6} (You found it on level 10 of the Dungeon)
  7873 | D:10     | Noticed a two-headed ogre
  7881 | D:10     | Killed a two-headed ogre
  7881 | D:10     | Reached skill level 10 in Fighting
  7881 | D:10     | Reached skill level 10 in Armour
  7881 | D:10     | Reached skill level 10 in Shields
  8400 | D:11     | Found Isukhlie's Distillery.
  8409 | D:11     | Noticed Maurice
  8409 | D:11     | Noticed Maurice
  8409 | D:11     | Maurice changed into Maurice the tengu
  8415 | D:11     | Killed Maurice the tengu
  8558 | D:11     | Found Sura's Elemental Accessories.
  8606 | D:11     | Reached skill level 10 in Axes
  8667 | D:11     | Reached ****** piety under Makhleb
  8669 | D:11     | Noticed a sun demon
  8952 | Lair:1   | Entered Level 1 of the Lair of Beasts
  9096 | Lair:1   | Reached XP level 12. HP: 83/107 MP: 11/15
  9805 | Lair:2   | Found a shimmering altar of Xom.
  9981 | Lair:2   | Found a staircase to the Snake Pit.
 10231 | Lair:3   | Reached skill level 10 in Dodging
 10364 | Lair:3   | Reached XP level 13. HP: 117/117 MP: 12/16
 10604 | Lair:3   | Found a staircase to the Shoals.
 12150 | Lair:5   | Found a staircase to the Slime Pits.
 12713 | Lair:6   | Entered Level 6 of the Lair of Beasts
 13608 | Lair:6   | Noticed kegs's ghost (journeyman HOFi)
 13840 | Lair:6   | Killed kegs's ghost
 13884 | Lair:6   | Reached XP level 14. HP: 72/127 MP: 15/17
 14544 | D:12     | Found a staircase to the Orcish Mines.
 14749 | D:12     | Noticed Sonja
 14754 | D:12     | Noticed Sonja
 14754 | D:12     | Sonja changed into Sonja the acid dragon
 14757 | D:12     | Killed Sonja the acid dragon
 14924 | D:12     | Identified 3 scrolls of acquirement
 15130 | Orc:1    | Entered Level 1 of the Orcish Mines
 15130 | Orc:1    | Found a bloodstained altar of Trog.
 15144 | Orc:1    | Noticed Josephine
 15149 | Orc:1    | Killed Josephine
 15209 | Orc:2    | Entered Level 2 of the Orcish Mines
 15209 | Orc:2    | Found a staircase to the Elven Halls.
 15402 | Orc:1    | Found a roughly hewn altar of Beogh.
 16011 | Orc:2    | Paralysed by an orc sorcerer for 4 turns
 16025 | Orc:2    | Found Nediag's Magic Scroll Shop.
 16025 | Orc:2    | Found Xipahiul's Assorted Antiques.
 16025 | Orc:2    | Found Afaaxkac's Jewellery Boutique.
 16029 | Orc:2    | Found Zamod's Jewellery Shop.
 16043 | Orc:2    | Bought the ring of Ruanie {rPois Slay+2} for 389 gold pieces
 16048 | Orc:2    | Bought a scroll of enchant weapon for 82 gold pieces
 16048 | Orc:2    | Bought a scroll of magic mapping for 38 gold pieces
 16050 | Orc:2    | Bought a scroll of enchant weapon for 255 gold pieces
 16201 | Orc:2    | Got a pair of steaming gloves
 16650 | D:13     | Identified the +2 pair of gloves of Minor Irritation {Dex+3} (You acquired it on level 2 of the Orcish Mines)
 16775 | D:13     | Found a gate to the Vaults.
 17577 | D:14     | Reached XP level 15. HP: 138/138 MP: 18/18
 17843 | D:14     | Identified the Papyrus of Sand
 17873 | D:15     | Entered Level 15 of the Dungeon
 17873 | D:15     | Found a staircase to the Depths.
 18452 | Snake:1  | Entered Level 1 of the Snake Pit
 18770 | Snake:1  | Found Ribohas's Food Emporium.
 19566 | Snake:2  | Reached skill level 15 in Armour
 19764 | Snake:2  | Reached skill level 15 in Shields
 19800 | Snake:2  | Reached skill level 15 in Fighting
 20211 | Snake:3  | Reached XP level 16. HP: 149/149 MP: 19/19
 20249 | Snake:3  | Reached skill level 15 in Axes
 20763 | Snake:4  | Entered Level 4 of the Snake Pit
 20763 | Snake:4  | Noticed Nikola
 20781 | Snake:4  | Killed Nikola
 20879 | Snake:4  | Found Yghaumeem's Gadget Emporium.
 20880 | Snake:4  | Found Xudeib's Jewellery Shop.
 20881 | Snake:4  | Found Hutaqiss's Gadget Emporium.
 21168 | Snake:4  | Found Lapnel's Assorted Antiques.
 21496 | Snake:4  | Reached XP level 17. HP: 158/158 MP: 20/20
 21504 | Snake:4  | Bought a scroll of enchant weapon for 217 gold pieces
 21504 | Snake:4  | Bought a potion of resistance for 290 gold pieces
 21504 | Snake:4  | Bought a scroll of enchant armour for 217 gold pieces
 21670 | Snake:4  | Found a runed gate.
 21670 | Snake:4  | Found a runed gate.
 21670 | Snake:4  | Found a runed gate.
 21738 | Snake:4  | Got a serpentine rune of Zot
 21876 | Snake:4  | Reached skill level 15 in Dodging
 22057 | Shoals:1 | Entered Level 1 of the Shoals
 22708 | Shoals:1 | Found Udisoh Tamn's Gadget Shop.
 23396 | Shoals:2 | Found a glowing silver altar of Zin.
 23637 | Shoals:3 | Noticed a kraken
 23644 | Shoals:3 | Killed a kraken
 23644 | Shoals:3 | Reached XP level 18. HP: 169/169 MP: 18/21
 24187 | Shoals:4 | Entered Level 4 of the Shoals
 24237 | Shoals:4 | Noticed Ilsuiw
 24255 | Shoals:4 | Killed Ilsuiw
 24666 | Shoals:4 | Got a barnacled rune of Zot
 24912 | Shoals:4 | Found the -2 hat of the Alchemist {rElec rPois rF+ rC+ rN+ MR+ rMut rCorr}
 25477 | Orc:2    | Bought a +6 ring of protection for 780 gold pieces
 25515 | Elf:1    | Entered Level 1 of the Elven Halls
 25977 | Elf:1    | Found Zigeh's Assorted Antiques.
 26012 | Elf:1    | Identified the +3 chain mail of Inquiry {rElec SInv} (You found it on level 1 of the Elven Halls)
 26327 | Elf:2    | Reached XP level 19. HP: 178/178 MP: 22/22
 26682 | Elf:2    | Found a huge runed gate.
 26682 | Elf:2    | Found a huge runed gate.
 26682 | Elf:2    | Found a huge runed gate.
 26683 | Elf:2    | Found a huge runed gate.
 26685 | Elf:2    | Found a huge runed gate.
 26820 | Elf:3    | Entered Level 3 of the Elven Halls
 26862 | Elf:3    | Noticed a Brimstone Fiend
 27159 | Elf:3    | Noticed Donald
 27183 | Elf:3    | Killed Donald
 27190 | Elf:3    | Killed the ghostly Donald
 27201 | Elf:3    | Noticed a Tzitzimitl
 27269 | Elf:3    | Cast into level 3 of the Abyss (a deep elf sorcerer)
 27281 | Abyss:3  | Found a corrupted altar of Lugonu.
 27299 | Abyss:3  | Found a corrupted altar of Lugonu.
 27381 | Elf:3    | Escaped the Abyss
 27450 | Elf:3    | Identified the +5 ring mail of Reason {MR+ SInv} (You took it off a deep elf blademaster on level 3 of the Elven Halls)
 27472 | Elf:3    | Found the +6 arbalest "Damnation" {damnation}
 27631 | Elf:3    | Identified the +10 war axe of Migruf {venom, rF+ MR+++ Dex-3 SInv} (You took it off a deep elf archer on level 3 of the Elven Halls)
 27677 | Elf:3    | Found an ancient bone altar of Kikubaaqudgha.
 27843 | Elf:3    | Got a translucent wooden ring
 27844 | Elf:3    | Identified the ring of Lekh {rCorr rF++ MR- Int+7} (You took it off a deep elf annihilator on level 3 of the Elven Halls)
 28491 | Slime:1  | Entered Level 1 of the Pits of Slime
 28622 | Slime:3  | Reached XP level 20. HP: 163/188 MP: 15/23
 28672 | Slime:4  | Gained mutation: You are dopey. (Int -2) [a shining eye]
 28683 | Slime:5  | Entered Level 5 of the Pits of Slime
 28794 | Slime:5  | Found a viscous altar of Jiyva.
 28794 | Slime:5  | Noticed the Royal Jelly
 28813 | Slime:5  | Killed the Royal Jelly
 28844 | Slime:5  | Got a slimy rune of Zot
 28873 | Slime:5  | Identified the Handbook of Flamy Unholy Secrets
 28878 | Slime:5  | Identified the cursed +2 battleaxe of the Thing {flame, *Slow rN+++ Dex+3 Stlth+} (You found it on level 5 of the Pits of Slime)
 28921 | Slime:5  | Identified the cursed +1 chain mail of the Republic {Dex+3} (You found it on level 5 of the Pits of Slime)
 28940 | Slime:5  | Got a transparent ivory amulet
 28941 | Slime:5  | Identified the amulet "Doenujeo" {+Rage Str+5 Dex+2} (You found it on level 5 of the Pits of Slime)
 29229 | Orc:2    | Bought a scroll of acquirement for 1768 gold pieces
 29233 | Orc:2    | Identified the +0 scale mail of Midnight {Regen+ Dex-2 Stlth+} (You acquired it on level 2 of the Orcish Mines)
 29381 | Depths:1 | Entered Level 1 of the Depths
 29381 | Depths:1 | Found a gateway to Hell.
 29690 | Depths:1 | You fall through a shaft!
 29750 | Depths:2 | Paralysed by a sphinx for 7 turns
 29756 | Depths:2 | Noticed a golden dragon
 29771 | Depths:2 | Killed a golden dragon
 29856 | Depths:2 | Found a flickering gateway to a bazaar.
 29861 | Bazaar   | Entered a bazaar
 29861 | Bazaar   | Found Cuiladi's Armour Shoppe.
 29883 | Bazaar   | Found Zanasch's Magic Scroll Shop.
 29885 | Bazaar   | Found Waoge's General Store.
 29890 | Bazaar   | Found Xavor's General Store.
 29898 | Bazaar   | Found Ewnaycli's Distillery.
 29919 | Bazaar   | Bought a scroll of acquirement for 832 gold pieces
 29924 | Bazaar   | Bought a scroll of enchant weapon for 52 gold pieces
 29924 | Bazaar   | Bought a scroll of magic mapping for 24 gold pieces
 29924 | Bazaar   | Bought a scroll of enchant armour for 52 gold pieces
 29940 | Depths:2 | Identified the +2 pair of gloves of Fortification {Int+5} (You acquired it on level 2 of the Depths)
 30000 | Depths:2 | Noticed a golden dragon
 30004 | Depths:2 | Killed a golden dragon
 30036 | Depths:2 | Reached XP level 21. HP: 199/199 MP: 24/24
 30062 | Depths:2 | Got a brightly glowing bone amulet
 30063 | Depths:2 | Identified the amulet "Natoimpu" {Regen+ Slay+2} (You took it off a deep elf death mage on level 2 of the Depths)
 30611 | Depths:1 | Found a one-way gate leading to the halls of Pandemonium.
 31139 | Depths:2 | Noticed a juggernaut
 31157 | Depths:2 | Killed a juggernaut
 31484 | Depths:4 | Found a magical portal.
 31493 | WizLab   | Entered The Roulette of Golubria
 31493 | WizLab   | Found a transporter.
 31496 | WizLab   | Found a corrupted altar of Lugonu.
 31524 | WizLab   | Found a transporter.
 31535 | WizLab   | Found a transporter.
 31561 | WizLab   | Found a transporter.
 31587 | WizLab   | Found a transporter.
 31599 | WizLab   | Found a transporter.
 31613 | WizLab   | Found a transporter.
 31613 | WizLab   | Found a transporter.
 31632 | WizLab   | Found a corrupted altar of Lugonu.
 31659 | WizLab   | Found a transporter.
 31719 | WizLab   | Identified the +1 cloak of the Hidden Wishes {+Inv rC+ Int+4} (You found it in a wizard's laboratory)
 31728 | WizLab   | Got a polished cloak
 31963 | Depths:4 | Noticed CypherZel's ghost (veteran MfBe)
 31975 | Depths:4 | Killed CypherZel's ghost
 32197 | Depths:4 | Identified the +1 cloak of the Devil's Team {rElec rF- Dex+2} (You found it in a wizard's laboratory)
 32281 | Depths:3 | Reached XP level 22. HP: 190/210 MP: 25/25
 32445 | Depths:3 | Got a scintillating ruby amulet
 33016 | Depths:3 | Identified the amulet "Acualym" {RegenMP +Inv Int+5 Dex-3 Slay+2} (You found it on level 3 of the Depths)
 33185 | Depths:3 | Found a one-way gate to the infinite horrors of the Abyss.
 33455 | Depths:4 | Found a gateway to a ziggurat.
 33464 | Zig:1    | Entered Level 1 of a ziggurat
 33471 | Zig:1    | Got a shimmering golden amulet
 33485 | Zig:2    | Entered Level 2 of a ziggurat
 33516 | Zig:3    | Entered Level 3 of a ziggurat
 33535 | Zig:4    | Entered Level 4 of a ziggurat
 33568 | Zig:4    | Identified the amulet "Huyteuts" {Inacc rPois Str-5 SInv} (You found it on level 1 of a ziggurat)
 33571 | Zig:5    | Entered Level 5 of a ziggurat
 33608 | Zig:6    | Entered Level 6 of a ziggurat
 33757 | Depths:5 | Entered Level 5 of the Depths
 34218 | Depths:5 | Noticed a golden dragon
 34238 | Depths:5 | Killed a golden dragon
 34261 | Depths:5 | Reached XP level 23. HP: 212/224 MP: 26/26
 34338 | Depths:5 | Found a gate to the Realm of Zot.
 34343 | Zot:1    | Entered Level 1 of the Realm of Zot
 34596 | Zot:4    | Noticed a curse toe
 34611 | Zot:4    | Killed a curse toe
 34712 | Zot:5    | Entered Level 5 of the Realm of Zot
 34843 | Zot:5    | Noticed vishdafish's ghost (legendary DsFi)
 34908 | Zot:5    | Killed vishdafish's ghost
 35122 | Zot:5    | Noticed an orb of fire
 35128 | Zot:5    | Noticed an orb of fire
 35130 | Zot:5    | Noticed an orb of fire
 35132 | Zot:5    | Noticed a Killer Klown
 35134 | Zot:5    | Noticed a curse toe
 35134 | Zot:5    | Gained mutation: You expend magic power (3 MP) to strengthen your wands. [an orb of fire]
 35135 | Zot:5    | Noticed a curse toe
 35136 | Zot:5    | Noticed an orb of fire
 35139 | Zot:5    | Killed from afar by an orb of fire

Vault maps used:
D:1:      minmay_arrival_hallway, minmay_tetromino_t4
D:2:      grunt_temple_overflow_open, chequers_ecumenical_altar_island,
          first_ration
D:3:      uniq_grinder
D:4:      kennysheep_kobold_camp, kennysheep_mini_moat, kennysheep_slug_shrine,
          temple_statues, enter_ossuary_4, st_stairs_13,
          hangedman_decor_growths, uniq_edmund
D:6:      uniq_duvessa, uniq_eustachio, uniq_pikel, uniq_sigmund
D:7:      kennysheep_ying_yang, basic_altar, grunt_livestock,
          uniq_prince_ribbit1
D:10:     david_lair_shrubbed, minmay_joined_circles
D:11:     serial_shops, shop, nicolae_elemental_shop, uniq_maurice
D:12:     orc_0_dummy, uniq_sonja
D:13:     david_vaults_1
D:14:     minmay_misc_feat_hallway, bh_hangedman_babel_library
D:15:     gammafunk_depths_entry_grave
Temple:   nicolae_temple_x_marks_the_god
Lair:1:   grunt_megastairs_2
Lair:2:   minmay_snake_entry_guardpost_small, basic_altar, roderic_carrion_pond
Lair:3:   elwin_shoals_entry_stream, grunt_forest_large_clearings,
          infiniplex_staircase_pool
Lair:4:   nzn_motion_control, infiniplex_staircase_pool_2
Lair:5:   slime_dummy, zaba_anthole, pond
Lair:6:   hangedman_lair_in_review
Shoals:1: serial_shops, nicolae_shop_behind_doors, nicolae_shoals_flooded_hall
Shoals:2: argonaut_golden_fleece, lemuel_oklob_altar
Shoals:4: shoals_end_grunt_ice, shoals_ilsuiw_alternative
Snake:1:  kennysheep_six_static_rooms, serial_shops, shop
Snake:3:  cheibrodos_snake_ritualist_ritual, st_stairs_11
Snake:4:  snake_pit, serial_shops, shop_fountains, nicolae_snake_horde_hoard,
          lemuel_fruit_tree, minmay_shop_grove, uniq_nikola
Slime:2:  cheibrodos_slime_lost_civilization_5
Slime:3:  nicolae_slime_round_cave
Orc:1:    basic_altar, bloody_trog, uniq_josephine
Orc:2:    st_orc_mages, nicolae_orc_stony_grotto
Elf:1:    eino_elf_arrival_the_gate, serial_shops, shop_fountains,
          kennysheep_underground_church, grunt_ministairs_5, minivault_24,
          fountainhead, corner_web_ring
Elf:2:    minmay_fountain_box
Elf:3:    grunt_elf_hall_spiral, basic_altar, uniq_donald
Depths:1: hell_entry, hangedman_abyss_or_decor_clamps, grunt_pan_entry_zigzag,
          minmay_misc_feat_more_columns, serial_bayou_ford_a, st_stairs_11,
          minivault_16, minmay_statues_item, minmay_misc_feat_cross,
          minmay_misc_feat_enclosed, spider_trap, grunt_decor_arrowhead,
          grunt_ministairs_1, kennysheep_generic_room_10
Depths:2: evilmike_diamond_2, pf_coc_iceberg, serial_shops, bzr_entry_road,
          kennysheep_generic_room_13
Depths:3: lemuel_river_lethe, pan_entry, hell_entry, abyss_entry
Depths:4: mu_elephants_graveyard, enter_ziggurat_e, minmay_strange_pillars,
          minmay_room_of_horrors, hell_entry, mu_enter_wizlab_3,
          infiniplex_staircase_river
Depths:5: grunt_zot_entry_alcove, grunt_hell_entry_demonic_statue,
          minmay_stone_trees_medium, special_room, hangedman_decor_push,
          grunt_ministairs_11
Zot:2:    grunt_megastairs_3
Zot:3:    lemuel_draconian_sentries_small, uniq_tiamat
Bazaar:   bazaar_kb_twisted_cavern
Ossuary:  ossuary_due_pyramid
WizLab:   wizlab_golubria

Skill      XL: |  1  2  3  4  5  6  7  8  9 10 11 12 13 14 15 16 17 18 19 20 21 22 23 |
---------------+----------------------------------------------------------------------+-----
Dodging        | 1 2 3 4 5 6 7 9 10 11 12 13 14 15 16 17 18 19 20 | 20.0
Armour         | 4 5 6 8 9 10 11 13 14 15 16 17 18 19 20 | 20.0
Shields        | 4 5 6 8 9 10 11 13 14 15 16 17 18 19 | 19.7
Fighting       | 4 5 6 8 9 10 11 12 14 15 16 17 18 19 20 22 23 | 23.8
Axes           | 3 4 5 6 7 8 10 11 12 13 14 15 16 17 18 19 20 22 23 | 23.7
Invocations    | 1 2 3 5 6 |  6.0

Action                   |  1- 3 |  4- 6 |  7- 9 | 10-12 | 13-15 | 16-18 | 19-21 | 22-24 || total
-------------------------+-------+-------+-------+-------+-------+-------+-------+-------++-------
Melee: War axe           |    86 |    80 |   342 |   402 |       |       |   141 |       ||  1051
       Headbutt          |    13 |     9 |    87 |   201 |   319 |   400 |   429 |   316 ||  1774
       Broad axe         |       |       |       |   223 |  1117 |  1420 |  1080 |   903 ||  4743
       Whip              |       |       |       |       |    15 |       |       |       ||    15
Invok: Lesser Servant of |       |       |       |       |     3 |       |       |       ||     3
Evoke: Wand              |       |     5 |       |    11 |     6 |       |       |    12 ||    34
  Use: Potion            |       |     1 |       |       |       |     6 |     3 |     6 ||    16
       Scroll            |       |       |     6 |    16 |    21 |    12 |    27 |    10 ||    92
 Stab: Distracted        |       |       |       |       |     2 |       |       |       ||     2
       Petrified         |       |       |       |       |     2 |       |       |       ||     2
       Petrifying        |       |       |       |       |     2 |       |       |       ||     2
       Invisible         |       |       |       |       |       |       |     6 |       ||     6
  Eat: Chunk             |     1 |     4 |     7 |    18 |    31 |    20 |    11 |     5 ||    97
       Ration            |       |       |     1 |       |     1 |     1 |     3 |     4 ||    10
Armor: Scale mail        |    31 |    39 |    20 |       |       |       |       |       ||    90
       Chain mail        |       |       |    74 |       |       |       |       |       ||    74
       Ring mail         |       |       |    29 |   185 |   188 |       |       |       ||   402
       Crystal plate arm |       |       |       |       |   247 |   617 |   401 |   346 ||  1611
Dodge: Dodged            |    28 |    35 |   116 |   388 |   502 |   558 |   571 |   529 ||  2727
Block: Shield            |    41 |    51 |   169 |   487 |   675 |       |   681 |   652 ||  2756
       Buckler           |       |     1 |       |       |       |       |       |       ||     1
       Large shield      |       |       |       |       |   116 |  1803 |   280 |       ||  2199

Table legend:
 A = Spawn XP
 B = Non-spawn XP
 C = Spawn XP percentage of total XP
 D = Spawn monster count
 E = Non-spawn monster count
 F = Spawn count percentage of total count
 G = Total turns spent on level
                    A         B        C        D         E        F      G
               +---------+---------+-------+---------+---------+-------+---------
         Total |    1926 |  958444 |   0.2 |       5 |    1891 |   0.3 | 35139
               +---------+---------+-------+---------+---------+-------+---------
           D:1 |       0 |      28 |   0.0 |       0 |      16 |   0.0 |   717
           D:2 |       0 |      60 |   0.0 |       0 |      12 |   0.0 |   831
           D:3 |       0 |     416 |   0.0 |       0 |      22 |   0.0 |   621
           D:4 |       0 |     888 |   0.0 |       0 |      45 |   0.0 |  1047
           D:5 |       0 |     469 |   0.0 |       0 |      21 |   0.0 |   707
           D:6 |       0 |    2181 |   0.0 |       0 |      32 |   0.0 |   844
           D:7 |       0 |    1957 |   0.0 |       0 |      27 |   0.0 |   730
           D:8 |       0 |    1820 |   0.0 |       0 |      27 |   0.0 |   922
           D:9 |       0 |    3699 |   0.0 |       0 |      33 |   0.0 |   689
          D:10 |       0 |    5959 |   0.0 |       0 |      42 |   0.0 |  1030
          D:11 |       0 |    2504 |   0.0 |       0 |      40 |   0.0 |   631
          D:12 |       0 |    6115 |   0.0 |       0 |      26 |   0.0 |   877
          D:13 |       0 |    7480 |   0.0 |       0 |      44 |   0.0 |   829
          D:14 |       0 |   11815 |   0.0 |       0 |      37 |   0.0 |   798
          D:15 |       0 |   13524 |   0.0 |       0 |      32 |   0.0 |   443
        Lair:1 |       0 |    3086 |   0.0 |       0 |      12 |   0.0 |   883
        Lair:2 |       0 |    6493 |   0.0 |       0 |      37 |   0.0 |   596
        Lair:3 |       0 |   12662 |   0.0 |       0 |      63 |   0.0 |   952
        Lair:4 |       0 |    6989 |   0.0 |       0 |      22 |   0.0 |  1002
        Lair:5 |       0 |    4091 |   0.0 |       0 |      23 |   0.0 |   802
        Lair:6 |       0 |   15531 |   0.0 |       0 |      44 |   0.0 |  1626
      Shoals:1 |       0 |   22710 |   0.0 |       0 |      50 |   0.0 |   772
      Shoals:2 |       0 |   24991 |   0.0 |       0 |      49 |   0.0 |   729
      Shoals:3 |       0 |   16626 |   0.0 |       0 |      28 |   0.0 |   691
      Shoals:4 |       0 |   47300 |   0.0 |       0 |      83 |   0.0 |  1048
       Snake:1 |       0 |   17271 |   0.0 |       0 |      34 |   0.0 |   787
       Snake:2 |       0 |   13447 |   0.0 |       0 |      24 |   0.0 |   959
       Snake:3 |       0 |   21252 |   0.0 |       0 |      45 |   0.0 |   611
       Snake:4 |       0 |   66788 |   0.0 |       0 |     115 |   0.0 |  1206
       Slime:1 |       0 |    2432 |   0.0 |       0 |       8 |   0.0 |    43
       Slime:2 |       0 |    2619 |   0.0 |       0 |       2 |   0.0 |    79
       Slime:3 |       0 |    7825 |   0.0 |       0 |       8 |   0.0 |    66
       Slime:4 |       0 |    7854 |   0.0 |       0 |      12 |   0.0 |   106
       Slime:5 |       0 |   27597 |   0.0 |       0 |      11 |   0.0 |   225
         Orc:1 |       0 |    5033 |   0.0 |       0 |      32 |   0.0 |   422
         Orc:2 |       0 |    6691 |   0.0 |       0 |      66 |   0.0 |   920
         Elf:1 |       0 |   23730 |   0.0 |       0 |      38 |   0.0 |   782
         Elf:2 |       0 |   18289 |   0.0 |       0 |      28 |   0.0 |   562
         Elf:3 |       0 |   70103 |   0.0 |       0 |      70 |   0.0 |  1332
      Depths:1 |       0 |   36486 |   0.0 |       0 |      62 |   0.0 |  1003
      Depths:2 |       0 |   81204 |   0.0 |       0 |      94 |   0.0 |   820
      Depths:3 |       0 |   56876 |   0.0 |       0 |     114 |   0.0 |  1124
      Depths:4 |       0 |   71187 |   0.0 |       0 |      69 |   0.0 |   905
      Depths:5 |       0 |   57521 |   0.0 |       0 |      63 |   0.0 |   586
         Zot:1 |       0 |    8078 |   0.0 |       0 |       3 |   0.0 |    44
         Zot:2 |       0 |    6791 |   0.0 |       0 |       4 |   0.0 |    36
         Zot:3 |       0 |   24057 |   0.0 |       0 |      15 |   0.0 |   160
         Zot:4 |       0 |   21376 |   0.0 |       0 |      12 |   0.0 |   129
         Zot:5 |       0 |   43760 |   0.0 |       0 |      20 |   0.0 |   427
       Abyss:3 |    1926 |     582 |  76.8 |       5 |       4 |  55.6 |   112
         Zig:1 |       0 |    1177 |   0.0 |       0 |       1 |   0.0 |    21
         Zig:2 |       0 |    2387 |   0.0 |       0 |       3 |   0.0 |    31
         Zig:3 |       0 |    4329 |   0.0 |       0 |       4 |   0.0 |    19
         Zig:4 |       0 |    4795 |   0.0 |       0 |       5 |   0.0 |    36
         Zig:5 |       0 |    9453 |   0.0 |       0 |       4 |   0.0 |    37
         Zig:6 |       0 |    6649 |   0.0 |       0 |       9 |   0.0 |    45
       Ossuary |       0 |     118 |   0.0 |       0 |      31 |   0.0 |   292
        WizLab |       0 |   11293 |   0.0 |       0 |      14 |   0.0 |   260
               +---------+---------+-------+---------+---------+-------+---------
